AoeStats
← cisi1982

Hideout

508257566Analyzed
1v1 RM · 10d ago on Sep 21, 2026· 39m 22s· 2 players
Game mode
Random Map
Map size
Tiny (2 player)
Population
200
Speed
Normal
Resources
Standard
Victory
Conquest
Starting age
Dark Age
Ending age
Imperial Age
RankedLock teamsTeams togetherTeam positionsShared explorationLock speedFull tech treeHidden civsTurbo modeCheats
Victory
Defeat
🇨🇿 Burmese · Czechia
917
+16
🇷🇺 Celts · Russia
913
-16
BoNuS
0:41 Loom
11:51 Feudal Age
12:27 Double-Bit Axe
12:23 Horse Collar
21:49 Castle Age
19:54 Padded Archer Armor
20:50 Scale Mail Armor
22:52 Pikeman
23:48 Gold Mining
29:07 Leather Archer Armor
31:23 Town Watch
32:18 Wheelbarrow
32:59 Gold Shaft Mining
32:49 Man-at-Arms
33:15 Gambesons
33:16 Arson
36:28 Imperial Age
36:13 Hand Cart
37:14 Sanctity
37:23 Town Patrol
38:18 Chain Mail Armor
38:16 Long Swordsman
39:16 Two-Handed Swordsman
cisi1982
10:27 Feudal Age
9:54 Loom
15:06 Castle Age
15:41 Forging
19:28 Scale Barding Armor
25:44 Man-at-Arms
29:02 Squires
29:39 Redemption
29:58 Gambesons
32:37 Horse Collar
33:14 Long Swordsman
37:55 Imperial Age
36:26 Iron Casting
36:36 Sanctity
36:22 Scale Mail Armor
36:41 Padded Archer Armor
36:31 Fletching
36:09 Pikeman
36:36 Arson
38:13 Wheelbarrow
37:23 Town Watch
39:12 Ballistics
38:13 Two-Handed Swordsman
40:42 Blast Furnace
Connection lost

Rejoining the realm…

Still unreachable

The connection could not be restored.

Session expired

The server has moved on; the page needs a fresh start.